 Dungeon Crawl Stone Soup version 0.31-a0-795-g5eb97db20b (webtiles) character file.

Game seed: 18337785615827839804

4846 boopmooplesden the Protected (level 10, -3/132 HPs)
             Began as an Armataur Fighter on Sept 18, 2023.
             Was a Believer of Trog.
             Slain by a two-headed ogre
             ... wielding a +0 giant club
              (21 damage)
             ... on level 10 of the Dungeon.
             The game lasted 00:09:09 (8061 turns).

boopmooplesden the Protected (Armataur Fighter)     Turns: 8061, Time: 00:09:10

Health: -3/132     AC: 13    Str: 27    XL:     10   Next: 25%
Magic:  0/10       EV: 13    Int:  8    God:    Trog [**....]
Gold:   477        SH:  7    Dex: 22    Spells: 9/9 levels left

rFire   . . .        l - +10 hand axe of the Oily God {freeze, Fly}
rCold   . . .        c - +1 buckler
rNeg    + . .        A - +0 chain mail of Eternity {+Blink rN+ Will- Dex+7}
rPois   .            v - +2 helmet
rElec   .            (no cloak)
rCorr   .            (no gloves)
SInv    .            (no barding)
Will    .....        e - amulet of guardian spirit Stlth
                     o - +5 ring of evasion
HPRegen 0.42/turn    w - +6 ring of dexterity
MPRegen 0.12/turn

%: guardian spirit, roll
@: berserking, flying, very quick
A: large, rugged brown scales 3, deformed body, armoured tail, roll, long
tongue, awkward tongue
a: Renounce Religion, Evoke Blink, Berserk, Trog's Hand


You were on level 10 of the Dungeon.
You worshipped Trog.
Trog was pleased with you.
You visited 1 branch of the dungeon, and saw 10 of its levels.

You collected 477 gold pieces.

Inventory:

Hand Weapons
 a - a +2 flail
 l - the +10 hand axe of the Oily God (weapon) {freeze, Fly}
   (You found it on level 3 of the Dungeon)

   Fly:       It grants you flight.
Armour
 b - a +0 scale mail
 c - a +1 buckler (worn)
 v - a +2 helmet (worn)
 A - the +0 chain mail of Eternity (worn) {+Blink rN+ Will- Dex+7}
   (You found it on level 8 of the Dungeon)

   Dex+7:     It affects your dexterity (+7).
   rN+:       It protects you from negative energy.
   Will-:     It decreases your willpower.
   +Blink:    It lets you blink.
Jewellery
 e - an amulet of guardian spirit (around neck)
 o - a +5 ring of evasion (left hand)
 w - a +6 ring of dexterity (right hand)
Wands
 t - a wand of paralysis (16)
 x - a wand of polymorph (11)
 y - a wand of iceblast (13)
 B - a wand of quicksilver (1)
Scrolls
 h - 5 scrolls of teleportation
 r - 2 scrolls of identify
 s - 2 scrolls of fog
 u - 3 scrolls of blinking
Potions
 d - a potion of might
 f - 2 potions of degeneration {unknown}
 g - 2 potions of haste {unknown}
 i - a potion of mutation {unknown}
 j - a potion of magic {unknown}
 k - a potion of cancellation {unknown}
 m - 3 potions of lignification {unknown}
 n - 3 potions of curing
 p - a potion of heal wounds {unknown}
 q - a potion of ambrosia {unknown}
 z - a potion of attraction {unknown}


   Skills:
 + Level 6.1 Fighting
 + Level 7.8(8.1) Axes
 + Level 3.3(6.4) Maces & Flails
 + Level 9.3 Armour
 + Level 3.1 Dodging
 + Level 1.6 Stealth
 + Level 6.1 Shields


You had 9 spell levels left.
You didn't know any spells.
Your spell library contained the following spells:

 Spells                   Type           Power      Damage    Failure   Level
 Apportation              Tloc           0%         N/A       88%         1


Dungeon Overview and Level Annotations

Branches:
Dungeon (10/15)            Temple (0/1) D:7            Lair (0/5) D:9
    Orc (0/2) D:9

Altars:
Ashenzari
Elyvilon
Qazlal
Trog

Shops:
D:6 (   D:7 *


Innate Abilities, Weirdness & Mutations

You are completely covered in rugged brown scales. (AC +3, +7% HP)
Armour fits poorly on your strangely shaped body.
You have a long armoured tail.
You roll when moving toward enemies. (Rampage)
Your long tongue fully drains potion bottles. (2x potion effects)
Your tongue gives you trouble enunciating. (1.5x scroll delay)


Message History

You block the wight's attack.
You hit the wight.
You destroy the wight!
Trog accepts your kill.
Your life force feels restored.
Things that are here:
a +4 dagger; a +0 robe A two-headed ogre comes into view.
It is wielding two +0 giant clubs.
The two-headed ogre shouts in stereo!
Things that are here:
a +4 dagger; a +0 robe
Things that are here:
a +1 heavy flail; a +0 robe
Things that are here:
a +0 battleaxe; a +0 robe
Things that are here:
a +1 heavy flail; a +0 robe You slash the two-headed ogre!
You freeze the two-headed ogre.
The two-headed ogre is moderately wounded.
The two-headed ogre hits you with a +0 giant club!!
The two-headed ogre closely misses you.
You hit the two-headed ogre. You freeze the two-headed ogre.
Your tail-slap misses the two-headed ogre.
The two-headed ogre is moderately wounded.
The two-headed ogre hits you with a +0 giant club!! x2
You slash the two-headed ogre! You freeze the two-headed ogre.
The two-headed ogre is severely wounded.
You hit the two-headed ogre. You freeze the two-headed ogre.
The two-headed ogre is severely wounded.
The two-headed ogre hits you with a +0 giant club!!
* * * LOW HITPOINT WARNING * * *
The two-headed ogre misses you.
You barely miss the two-headed ogre.
You tail-slap the two-headed ogre, but do no damage.
The two-headed ogre is severely wounded.
Okay, then.
A red film seems to cover your vision as you go berserk!
You feel yourself moving faster!
You feel mighty!
The two-headed ogre hits you with a +0 giant club!!
You die...

....#+#####........
+#.................
#.........########
........'.......
........#.......
........#.......
........#########
.........))).)..#####
...........).@O........
.......................
.......................
........$..............
.......................
################.......
....... #####


You could see a two-headed ogre.

Vanquished Creatures
  A two-headed ogre (D:8)
  8 yaks (D:9)
  A wyvern (D:8)
  2 steam dragons (D:9)
  2 water moccasins
  3 orc warriors (D:9)
  2 centaurs
  An ogre (D:5)
  A kobold brigand (D:8)
  A phantom (D:6)
  5 scorpions
  5 wights (D:10)
  5 killer bees (D:9)
  3 howler monkeys
  2 orc priests
  5 hounds
  4 jellies
  A sleepcap (D:7)
  5 iguanas
  7 orc wizards
  6 gnolls
  6 adders
  2 white imps
  4 worms
  A dart slug (D:1)
  53 orcs
  5 ball pythons
  15 endoplasms
  3 giant cockroaches
  11 goblins
  5 hobgoblins
  6 jackals
  6 quokkas
  8 bats
  4 frilled lizards
  17 kobolds
  10 rats
226 creatures vanquished.

Notes
Turn   | Place    | Note
-------+----------+-------------------------------------------
     0 | D:1      | boopmooplesden the Armataur Fighter began the quest for the
                  | Orb.
     0 | D:1      | Reached XP level 1. HP: 19/19 MP: 1/1
    92 | D:1      | Reached XP level 2. HP: 26/26 MP: 2/2
   174 | D:1      | Found a faded altar of an unknown god.
   222 | D:1      | Reached skill level 4 in Armour
   565 | D:1      | Reached XP level 3. HP: 28/33 MP: 3/3
  1458 | D:2      | Reached XP level 4. HP: 40/40 MP: 4/4
  1516 | D:2      | Reached XP level 5. HP: 22/48 MP: 5/5
  2088 | D:3      | Identified the +10 hand axe of the Oily God {freeze, Fly}
  2190 | D:3      | Reached skill level 5 in Armour
  2326 | D:3      | Found a broken altar of Ashenzari.
  2335 | D:3      | Found a stormy altar of Qazlal.
  2877 | D:4      | Reached XP level 6. HP: 35/55 MP: 6/6
  3036 | D:4      | Reached skill level 1 in Axes
  3318 | D:4      | Reached skill level 6 in Armour
  3421 | D:5      | Entered Level 5 of the Dungeon
  3428 | D:5      | Reached skill level 1 in Dodging
  3428 | D:5      | Reached XP level 7. HP: 44/63 MP: 7/7
  3747 | D:5      | HP: 3/63 [poisoned by a scorpion]
  4199 | D:6      | Reached skill level 7 in Armour
  4199 | D:6      | Reached XP level 8. HP: 44/71 MP: 8/8
  4301 | D:6      | Reached skill level 1 in Stealth
  4362 | D:6      | Found Suiwnecu's Antique Weapon Shop.
  4520 | D:6      | Found a bloodstained altar of Trog.
  4526 | D:6      | Got a glossy book
  4549 | D:6      | Became a worshipper of Trog the Wrathful
  4870 | D:7      | Found Beubbuk's Assorted Antiques.
  4897 | D:7      | Found a white marble altar of Elyvilon.
  5001 | D:7      | Found a staircase to the Ecumenical Temple.
  5033 | D:7      | Reached skill level 5 in Shields
  5131 | D:7      | Reached skill level 5 in Fighting
  5452 | D:8      | Identified the +0 chain mail of Eternity {+Blink rN+ Will-
                  | Dex+7}
  5511 | D:8      | Noticed a two-headed ogre
  5518 | D:8      | Killed a two-headed ogre
  5519 | D:8      | Reached skill level 5 in Axes
  5519 | D:8      | Reached skill level 8 in Armour
  5519 | D:8      | Reached XP level 9. HP: 31/79 MP: 9/9
  5961 | D:8      | Reached * piety under Trog
  6722 | D:9      | Reached skill level 9 in Armour
  6807 | D:9      | Reached XP level 10. HP: 55/88 MP: 10/10
  6980 | D:9      | Found a staircase to the Lair.
  7055 | D:9      | Reached ** piety under Trog
  7085 | D:9      | Found a staircase to the Orcish Mines.
  7930 | D:10     | Entered Level 10 of the Dungeon
  8047 | D:10     | Noticed a two-headed ogre
  8061 | D:10     | Slain by a two-headed ogre

Illustrated notes

Levels and vault maps discovered:
D:1:      lemuel_arrival_lava_pool, layout_basic,
          hellmonk_ecumenical_altar_heavens_door
D:2:      cheibrodos_fertilizer, layout_rooms
D:3:      layout_loops_ring, mainiacjoe_overflow_swirl, st_stairs_7
D:4:      layout_cave_pools, hangedman_feature_mirror
D:5:      layout_rooms
D:6:      layout_rooms, trog_book, serial_shops, kennysheep_little_box,
          nicolae_the_louvre
D:7:      layout_rooms, elyvilon_altar_4, minmay_temple_entry_stoned_glass,
          serial_shops, shop
D:8:      layout_loops_ring
D:9:      layout_long_grid, lair_entry_dummy, hiddenorc2_lemuel,
          serial_co_window_serial, co_window_paths_b, co_window_paths_b,
          co_window_corner_a, co_window_cross_1, co_window_paths_a,
          co_window_unsneaky_path_b, co_window_cross_3, co_window_corner_b,
          co_window_corner_b, co_window_2corner, co_window_paths_d,
          co_window_paths_e, glass_columns_b
D:10:     layout_gridville

Skill      XL: |  1  2  3  4  5  6  7  8  9 |
---------------+----------------------------+-----
Armour         | 4 5 6 7 8 9 |  9.3
Fighting       | 3 4 5 6 |  6.1
Maces & Flails | 2 3 |  3.3
Shields        | 4 5 6 |  6.1
Axes           | 1 3 5 7 |  7.8
Dodging        | 1 3 |  3.1
Stealth        | 1 |  1.6

Action                     |  1- 3 |  4- 6 |  7- 9 | 10-12 || total
---------------------------+-------+-------+-------+-------++-------
  Melee: Flail             |   161 |    41 |       |       ||   202
         Tailslap          |    15 |     8 |    28 |    10 ||    61
         Hand axe          |       |    53 |   184 |    77 ||   314
 Invoke: Berserk           |       |       |       |     1 ||     1
    Use: Scroll            |     2 |     5 |     5 |       ||    12
         Potion            |       |       |     1 |       ||     1
 Armour: Scale mail        |   207 |    57 |    92 |       ||   356
         Chain mail        |       |       |    59 |    47 ||   106
  Dodge: Dodged            |    93 |    27 |    63 |    14 ||   197
  Block: Buckler           |    39 |    18 |    57 |    22 ||   136

Table legend: (Time is in decaauts)
 A = Elapsed time spent in this place.
 B = Non-inter-level travel time spent in this place.
 C = Inter-level travel time spent in this place.
 D = Time resting spent in this place.
 E = Time spent auto-exploring this place.
 F = Levels seen in this place.
 G = Mean time per level.
                   A        B        C        D        E       F      G
               +--------+--------+--------+--------+--------+-----+--------+
         Total |   8150 |   7951 |    199 |    387 |   5818 |  10 |  815.0 |
       Dungeon |   8150 |   7951 |    199 |    387 |   5818 |  10 |  815.0 |
               +--------+--------+--------+--------+--------+-----+--------+

Top non-repeatable levels by time:
     D:9: 1646 daAuts
     D:3: 1007 daAuts
     D:1: 961 daAuts
     D:2: 936 daAuts
     D:8: 836 daAuts
     D:5: 762 daAuts
     D:6: 698 daAuts
     D:4: 596 daAuts
     D:7: 574 daAuts
    D:10: 129 daAuts
